 Dungeon Crawl Stone Soup version 0.31.0-11-ge490571c62 (webtiles) character file.

Game seed: 8619498888069370207

4260 Aviak the Nimble (level 10, -7/86 HPs)
             Began as a Merfolk Conjurer on Feb 1, 2024.
             Was a Follower of Qazlal.
             Mangled by an orc warrior
             ... wielding a +0 halberd
              (14 damage)
             ... in a bailey.
             The game lasted 00:15:14 (11861 turns).

Aviak the Nimble (Merfolk Conjurer)                Turns: 11861, Time: 00:15:15

Health: -7/86      AC:  5    Str:  7    XL:     10   Next: 31%
Magic:  13/13      EV: 18    Int: 18    God:    Qazlal [*.....]
Gold:   371        SH:  1    Dex: 17    Spells: 10/13 levels left

rFire   . . .        v - +0 dagger (venom)
rCold   . . .        (no shield)
rNeg    + . .        p - +1 leather armour {rN+}
rPois   .            (no helmet)
rElec   .            (no cloak)
rCorr   .            (no gloves)
SInv    .            i - +0 pair of boots
Will    .....        w - amulet of magic regeneration
Stlth   ++           (no ring)
HPRegen 0.34/turn    (no ring)
MPRegen 0.53/turn

%: no passive effects
@: no status effects
A: (nimble swimmer 2), mertail
a: Renounce Religion


You were in a bailey.
You worshipped Qazlal.
Qazlal was aware of your devotion.
You visited 1 branch of the dungeon, and saw 8 of its levels.
You also visited: Sewer and Bailey.

You collected 371 gold pieces.

Inventory:

Hand Weapons
 d - a +0 short sword
 k - a +2 antimagic dagger
 v - a +0 dagger of venom (weapon)
Armour
 i - a +0 pair of boots (worn)
 p - a +1 leather armour of positive energy (worn)
 D - a scarf of shadows
Jewellery
 w - an amulet of magic regeneration (around neck)
Wands
 q - a wand of polymorph (16)
 x - a wand of mindburst (3)
Scrolls
 a - a scroll of fear {unknown}
 j - 2 scrolls of fog
 l - 2 scrolls of enchant armour
 m - a scroll of amnesia
 n - 4 scrolls of immolation
 o - a scroll of torment {!r}
 r - a scroll of vulnerability {unknown}
 t - 4 scrolls of teleportation
 y - 2 scrolls of revelation {unknown}
 E - a scroll of poison {unknown}
 F - a scroll of brand weapon {unknown}
Potions
 b - a potion of magic
 c - a potion of curing
 e - 4 potions of attraction
 f - 2 potions of haste
 g - 3 potions of might
 h - a potion of heal wounds
 s - 3 potions of degeneration {!q!q}
 u - 2 potions of lignification {!q}
 z - 4 potions of mutation {!q}
 A - a potion of enlightenment {unknown}
 B - a potion of brilliance {unknown}
 C - 2 potions of resistance {unknown}


   Skills:
 * Level 10.5 Fighting
 - Level 4.0 Short Blades
 + Level 11.6 Dodging
 - Level 2.1 Stealth
 - Level 2.0 Spellcasting
 - Level 4.0 Conjurations
 + Level 4.2 Invocations
 - Level 3.0 Evocations


You had 10 spell levels left.
You knew the following spells:

 Your Spells              Type           Power      Damage    Failure   Level
a - Magic Dart            Conj           64%        1d6       5%          1
b - Searing Ray           Conj           32%        2d5       8%          2

Your spell library contained the following spells:

 Spells                   Type           Power      Damage    Failure   Level
 Fulminant Prism          Conj/Alch      4%         3d5       75%         4
 Iskenderun's Mystic Bla  Conj/Tloc      9%         2d4       75%         4
 Leda's Liquefaction      Alch/Erth      0%         N/A       95%         4
 Lee's Rapid Deconstruct  Erth           0%         3d4*      100%        5
 Bombard                  Conj/Erth      4%         9d2       100%        6


Dungeon Overview and Level Annotations

Branches:
Dungeon (8/15)             Temple (0/1) D:7           Sewer (visited)
 Bailey (1/1)
   Lair: D:8-11

Altars:
Elyvilon
Qazlal
Vehumet
Xom
Zin
The Shining One

Shops:
D:4 =


Innate Abilities, Weirdness & Mutations

((You are very nimble when in or above water. (Stealth+, EV+, Speed+++)))
Your lower body shifts to a powerful aquatic tail in water.


Message History

The orc warrior is lightly wounded.
You barely miss the orc warrior.
The orc warrior is lightly wounded.
The orc warrior hits you with a +0 halberd!
You hit the orc warrior but do no damage.
The orc warrior looks even sicker.
The orc warrior is lightly wounded.
The orc warrior closely misses you.
You hit the orc warrior but do no damage.
The orc warrior is lightly wounded.
The orc warrior barely misses you.
You hit the orc warrior.
The orc warrior is moderately wounded.
The orc warrior completely misses you.
You hit the orc warrior.
The orc warrior looks as sick as possible!
The orc warrior is heavily wounded.
You closely miss the orc warrior.
The orc warrior is heavily wounded.
The orc warrior hits you with a +0 halberd!!
You barely miss the orc warrior.
The orc warrior is severely wounded.
The orc warrior barely misses you.
You barely miss the orc warrior.
The orc warrior is severely wounded.
The orc warrior misses you.
You hit the orc warrior.
The orc warrior looks as sick as possible!
The orc warrior is almost dead.
The orc warrior hits you with a +0 halberd!
You miss the orc warrior.
The orc warrior is almost dead.
You hit the orc warrior but do no damage.
The orc warrior is almost dead.
The orc warrior hits you with a +0 halberd!!
* * * LOW HITPOINT WARNING * * *
You closely miss the orc warrior.
The orc warrior is almost dead.
The orc warrior hits you with a +0 halberd!
You die...

#.##≈......#
≈.≈≈≈...#########
.......##.......##
......##..#'#'#..##
......#..##.#)##..#
.....##.#########.#
.....##.'.# #)'.#
.....##.### ###.#
.....##.')# #o@.#
.....##.### ###.#
.....##..# ..#
.........# .##
.........# .#
≈)≈≈≈....# #
#.##≈....###
#.∩#≈.......
.)..........


You could see an orc warrior (extremely poisoned).

Vanquished Creatures
  Grinder (D:3)
  A yak (D:5)
  3 water moccasins
  10 orc warriors
  2 black bears
  An ogre (D:5)
  Pargi (Sewer)
  3 ice beasts
  2 sky beasts
  2 centaurs
  6 bullfrogs
  A gnoll sergeant (D:5)
  A scorpion (D:5)
  5 wights (D:7)
  3 killer bees (D:7)
  2 howler monkeys
  4 hounds
  3 orc priests (D:6)
  A jelly (D:5)
  A sleepcap (D:5)
  4 iguanas
  3 orc wizards
  Terence (D:3)
  4 gnolls
  A river rat (D:6)
  10 adders
  A white imp (D:7)
  4 ufetubi
  A dart slug (D:5)
  A ribbon worm (D:5)
  28 orcs
  8 endoplasms
  6 giant cockroaches
  4 hobgoblins
  4 jackals (Sewer)
  12 kobolds
  4 quokkas
  7 ball pythons
  6 bats
  2 frilled lizards
  6 goblins
  9 rats
179 creatures vanquished.

Notes
Turn   | Place    | Note
-------+----------+-------------------------------------------
     0 | D:1      | Aviak the Merfolk Conjurer began the quest for the Orb.
     0 | D:1      | Reached XP level 1. HP: 13/13 MP: 3/3
   211 | D:1      | Reached skill level 3 in Dodging
   211 | D:1      | Reached XP level 2. HP: 20/20 MP: 0/5
   225 | D:1      | Learned a level 2 spell: Searing Ray
   302 | D:1      | Reached skill level 1 in Fighting
  1255 | D:2      | Reached XP level 3. HP: 10/26 MP: 0/6
  2432 | D:3      | Reached XP level 4. HP: 33/33 MP: 5/7
  2509 | D:3      | Reached skill level 4 in Dodging
  2819 | D:3      | Noticed Grinder
  2914 | D:3      | Paralysed by Grinder for 5 turns
  3024 | D:3      | Killed Grinder
  3025 | D:3      | Reached skill level 5 in Dodging
  3025 | D:3      | Reached XP level 5. HP: 23/42 MP: 3/8
  3025 | D:3      | Reached XP level 6. HP: 27/48 MP: 3/9
  3229 | D:3      | Found a faded altar of an unknown god.
  3238 | D:3      | Noticed Terence
  3289 | D:3      | Killed Terence
  3555 | D:3      | Found a glowing golden altar of the Shining One.
  3595 | D:4      | Found Piaw's Jewellery Shoppe.
  3651 | D:4      | Reached skill level 6 in Dodging
  4118 | D:4      | Found a white marble altar of Elyvilon.
  4354 | D:4      | Reached XP level 7. HP: 48/55 MP: 10/10
  4522 | D:5      | Entered Level 5 of the Dungeon
  4589 | D:5      | Reached skill level 5 in Fighting
  4604 | D:5      | Reached skill level 7 in Dodging
  4893 | D:5      | Noticed a yak
  4912 | D:5      | Reached skill level 8 in Dodging
  4912 | D:5      | Reached XP level 8. HP: 23/65 MP: 11/11
  4920 | D:5      | Killed a yak
  5457 | D:5      | Reached skill level 9 in Dodging
  5476 | D:5      | Reached skill level 1 in Short Blades
  7068 | D:6      | Reached XP level 9. HP: 65/74 MP: 12/12
  7191 | D:6      | Found a glowing drain.
  7195 | Sewer    | Entered a sewer
  7213 | Sewer    | Reached skill level 10 in Dodging
  7264 | Sewer    | Noticed Pargi
  7281 | Sewer    | Killed Pargi
  7763 | D:6      | Found a stormy altar of Qazlal.
  7780 | D:6      | Became a worshipper of Qazlal Stormbringer
  8531 | D:6      | Reached skill level 1 in Invocations
  8564 | D:6      | Reached skill level 1 in Evocations
  8622 | D:6      | Found a radiant altar of Vehumet.
  8631 | D:6      | Found a glowing silver altar of Zin.
  9237 | D:7      | Found a staircase to the Ecumenical Temple.
  9655 | D:7      | Reached skill level 11 in Dodging
 10207 | D:7      | Reached XP level 10. HP: 31/84 MP: 13/13
 10908 | D:8      | Reached skill level 10 in Fighting
 10912 | D:8      | Found a shimmering altar of Xom.
 10966 | D:8      | Found a flagged portal.
 11118 | Bailey   | Entered a bailey
 11154 | Bailey   | Reached * piety under Qazlal
 11861 | Bailey   | Mangled by an orc warrior

Illustrated notes

Levels and vault maps discovered:
D:1:      lightli_arrival_quake, layout_basic
D:2:      layout_basic, nrook_uturn, nicolae_houndstooth_variations
D:3:      layout_rooms, mainiacjoe_overflow_alcove_2,
          ebering_ecumenical_altar_box, uniq_terence, uniq_grinder
D:4:      layout_loops_cross, mainiacjoe_overflow_paths, serial_shops, shop,
          nicolae_zig_zag_zippers
D:5:      kennysheep_windowed_halls, layout_loops_corners, serial_bayou_lake_a
D:6:      layout_basic, grunt_qazlal_sundering, mainiacjoe_overflow_swirl,
          gup_sewer_entry_bowl, hangedman_decor_opposing
D:7:      layout_cave_pods, minmay_temple_entry_wispy
D:8:      layout_gridville, mainiacjoe_overflow_surrounded_room,
          mainiacjoe_overflow_six_doors_small, enter_bailey_4
Bailey:   bailey_polearm_2, bailey

Skill      XL: |  1  2  3  4  5  6  7  8  9 10 |
---------------+-------------------------------+-----
Dodging        | 3 5 6 8 9 11 | 11.6
Fighting       | 1 2 4 6 7 9 10 | 10.5
Conjurations   | 4 |  4.0
Short Blades   | 3 4 |  4.0
Invocations    | 3 4 |  4.2
Evocations     | 2 3 |  3.0
Stealth        | |  2.1
Spellcasting   | |  2.0

Action                     |  1- 3 |  4- 6 |  7- 9 | 10-12 || total
---------------------------+-------+-------+-------+-------++-------
  Melee: Short sword       |    49 |    67 |       |       ||   116
         Unarmed           |     6 |     1 |       |       ||     7
         Punch             |     1 |     1 |    13 |     4 ||    19
         Dagger            |       |    23 |   580 |   182 ||   785
         Tailslap          |       |       |     7 |    13 ||    20
   Cast: Magic Dart        |    53 |    60 |     1 |       ||   114
         Searing Ray       |     3 |     7 |     6 |       ||    16
  Evoke: Wand              |       |       |     9 |     1 ||    10
    Use: Potion            |       |     2 |     6 |       ||     8
         Scroll            |       |       |    10 |       ||    10
   Stab: Sleeping          |     1 |       |     3 |     1 ||     5
 Armour: Robe              |    50 |     4 |       |       ||    54
         Skin              |       |    15 |    21 |       ||    36
         Leather armour    |       |    39 |   272 |    63 ||   374
  Dodge: Dodged            |    65 |    52 |   477 |   152 ||   746
  Block: Other             |       |       |       |     2 ||     2
